 Dungeon Crawl Stone Soup version 0.19-a0-1019-g9c6a58d (webtiles) character file.

4459 AlphabetPasta the Frost Mage (level 10, -6/73 HPs)
             Began as a Ghoul Ice Elementalist on July 25, 2016.
             Was a Believer of Vehumet.
             Mangled by a hill giant
             ... wielding a +0 giant club
              (32 damage)
             ... on level 9 of the Dungeon.
             The game lasted 01:12:55 (10501 turns).

AlphabetPasta the Frost Mage (GhIE)                Turns: 10501, Time: 01:12:56

Health: -6/73      AC:  8    Str: 13    XL:     10   Next: 37%
Magic:  19/19      EV: 12    Int: 13    God:    Vehumet [**....]
Gold:   439        SH:  4    Dex:  9    Spells: 4 memorised, 13 levels left

rFire  . . .     SeeInvis .       - Unarmed
rCold  + . .     Gourm    .     m - +3 leather armour {rN+}
rNeg   + + +     Faith    .     j - +0 buckler
rPois  ∞         Spirit   .     (no helmet)
rElec  .         Dismiss  .     (no cloak)
rCorr  .         Reflect  .     d - +1 pair of gloves
SustAt .         Harm     .     (no boots)
MR     .....                    (no amulet)
Stlth  ..........               (no ring)
                                w - ring of loudness (curse)

@: rotting, not resistant to hostile enchantments, extremely unstealthy
A: rotting body, claws 1, carnivore 3, cold resistance 1, negative energy
resistance 3, slow regeneration 1, torment resistance, unbreathing
a: Renounce Religion


You were on level 9 of the Dungeon.
You worshipped Vehumet.
Vehumet was pleased with you.
You were not hungry.

You visited 2 branches of the dungeon, and saw 11 of its levels.

You collected 439 gold pieces.

Inventory:

Missiles
 f - 3 tomahawks (quivered)
Armour
 a - a +0 robe
 d - a +1 pair of gloves (worn)
 j - a +0 buckler (worn)
 m - a +3 leather armour of positive energy (worn)
Jewellery
 w - a cursed ring of loudness (left hand)
Wands
 i - a wand of confusion (9/48)
 q - a wand of slowing (19/48)
 s - a wand of acid (0/15)
 u - a wand of acid (4/15)
 x - a wand of lightning (10/15)
Scrolls
 e - a scroll of fear {unknown}
 g - 2 scrolls of enchant armour
 l - a scroll of recharging
 o - 6 scrolls of remove curse
Potions
 h - 4 potions of curing
 n - a potion of magic
 r - 2 potions of invisibility
 t - 2 potions of flight
 z - a potion of degeneration {unknown}
Books
 b - a book of Frost

   Spells                             Type                      Level
   a - Freeze                         Ice                          1
   b - Throw Frost                    Conjuration/Ice              2
   c - Ozocubu's Armour               Charms/Ice                   3
   d - Throw Icicle                   Conjuration/Ice              4
   e - Summon Ice Beast               Ice/Summoning                4
Comestibles
 c - 6 meat rations
 k - 2 slices of pizza
 p - 2 chunks of flesh


   Skills:
 - Level 2.1 Fighting
 + Level 2.8 Armour
 - Level 3.0 Dodging
 - Level 2.1 Stealth
 - Level 3.0 Shields
 - Level 2.3 Unarmed Combat
 * Level 7.1 Spellcasting
 - Level 0.7 Conjurations
 * Level 11.6 Ice Magic


You had 13 spell levels left.
You knew the following spells:

 Your Spells              Type           Power        Failure   Level  Hunger
a - Freeze                Ice            ####         1%          1    None
b - Throw Frost           Conj/Ice       ###...       2%          2    #......
c - Ozocubu's Armour      Chrm/Ice       ###.....     8%          3    ##.....
d - Throw Icicle          Conj/Ice       ###.....     17%         4    ####...


Dungeon Overview and Level Annotations

Branches:
Dungeon (10/15)            Temple (1/1) D:7            Lair (0/6) D:8
    Orc: D:9-12

Altars:
Ashenzari
Cheibriados
Dithmenos
Elyvilon
Fedhas
Gozag
Hepliaklqana
Kikubaaqudgha
Makhleb
Nemelex Xobeh
Okawaru
Pakellas
Qazlal
Ru
Sif Muna
Trog
Uskayaw
Vehumet
Xom
Yredelemnul
Zin
The Shining One

Shops:
D:4 %   D:6 }


Innate Abilities, Weirdness & Mutations

Your body is rotting away.
You thrive on raw meat.
You are immune to poison.
You have sharp fingernails.
You are carnivorous and can eat meat at any time.
Your flesh is cold resistant. (rC+)
You are immune to negative energy. (rN+++)
You regenerate slowly when monsters are visible.
You are immune to unholy pain and torment.
You can survive without breathing.


Message History

Zapping:
q - a wand of slowing {zapped: 4} (will waste charges)
Press: ? - help, Shift-Dir - straight line, f/p - hill giant
Aim: a hill giant, wielding a giant club (lightly wounded, chance to defeat MR: 34%)
The hill giant easily resists.
Evoking this partially-identified wand wasted a few charges.
The hill giant misses you.
Evoke which item? (* to show all) (? for menu, Esc to quit)
Zapping:
q - a wand of slowing {zapped: 7} (will waste charges)
Press: ? - help, Shift-Dir - straight line, f/p - hill giant
Aim: a hill giant, wielding a giant club (lightly wounded, chance to defeat MR: 34%)
The hill giant easily resists.
Evoking this partially-identified wand wasted a few charges.
Evoke which item? (* to show all) (? for menu, Esc to quit)
Zapping:
q - a wand of slowing {zapped: 9} (will waste charges)
Press: ? - help, Shift-Dir - straight line, f/p - hill giant
Aim: a hill giant, wielding a giant club (lightly wounded, chance to defeat MR: 34%)
The hill giant easily resists.
Evoking this partially-identified wand wasted a few charges.
The hill giant hits you with a giant club!!
You die...

#.# #####'#### #### #.# #..# #..
#.# #.## #.# # #########.##
#####.## #(# ###..........#
#......#### ###)# #............#
#.<.......# #..|.
#.#.....>....####......##.###....
'.#...(.((:..(.##......##...'....
###..........#.C@......######....
# ###############......# #.... #
#......# ##### ########


You could see a hill giant.

Vanquished Creatures
  Pikel (D:6)
  A two-headed ogre (D:8)
  Edmund (D:6)
  An ice beast (D:5)
  Duvessa (D:7)
  2 sky beasts
  2 orc warriors
  A slave (D:5)
  4 centaurs
  5 ogres
  2 crocodiles
  2 big kobolds (D:9)
  Blork the orc (D:6)
  Dowan (D:7)
  3 scorpions
  14 killer bees
  2 howler monkeys
  5 crimson imps
  3 hounds
  2 centaur zombies
  A quasit (D:7)
  4 orc priests
  A giant frog zombie (D:10)
  3 orc wizards
  An iguana (D:3)
  4 worker ants
  A hound skeleton (D:4)
  8 gnolls
  A worker ant zombie (D:6)
  13 adders
  A shadow imp (D:5)
  An ooze (D:1)
  An adder skeleton (D:4)
  2 adder zombies
  4 worms (D:3)
  A dart slug (D:1)
  6 giant geckos
  16 orcs
  10 bats
  4 giant cockroaches
  11 goblins
  12 hobgoblins
  16 jackals
  3 quokkas (D:3)
  A ball python skeleton (D:6)
  A giant gecko skeleton (D:4)
  3 giant newts
  22 kobolds
  8 rats
214 creatures vanquished.

Notes
Turn   | Place    | Note
-------+----------+-------------------------------------------
     0 | D:1      | AlphabetPasta the Ghoul Ice Elementalist began the quest for the Orb.
     0 | D:1      | Reached XP level 1. HP: 14/14 MP: 2/2
   295 | D:1      | Reached XP level 2. HP: 20/20 MP: 2/4
   303 | D:1      | Learned a level 2 spell: Throw Frost
   689 | D:1      | Reached skill level 4 in Ice Magic
   749 | D:1      | Reached XP level 3. HP: 21/26 MP: 0/5
   754 | D:1      | Learned a level 3 spell: Ozocubu's Armour
  1545 | D:2      | Reached XP level 4. HP: 32/33 MP: 2/6
  1797 | D:2      | Reached skill level 5 in Ice Magic
  2244 | D:3      | Reached XP level 5. HP: 20/38 MP: 0/8
  3583 | D:4      | Found Anwutusa's Food Emporium.
  3730 | D:4      | Reached XP level 6. HP: 46/46 MP: 6/9
  3739 | D:4      | Learned a level 4 spell: Throw Icicle
  3787 | D:4      | Noticed an orc warrior
  3885 | D:3      | Reached skill level 1 in Fighting
  3885 | D:3      | Reached skill level 6 in Ice Magic
  4387 | D:4      | Killed an orc warrior
  4387 | D:4      | Reached skill level 1 in Unarmed Combat
  4554 | D:4      | Reached XP level 7. HP: 50/52 MP: 11/11
  4593 | D:3      | Reached skill level 7 in Ice Magic
  4845 | D:5      | Entered Level 5 of the Dungeon
  5216 | D:5      | Reached skill level 8 in Ice Magic
  5216 | D:5      | Reached XP level 8. HP: 30/58 MP: 6/13
  6141 | D:6      | Noticed Pikel
  6145 | D:6      | Noticed Blork the orc
  6922 | D:6      | Noticed Edmund
  6932 | D:6      | Killed Edmund
  6932 | D:6      | Reached skill level 9 in Ice Magic
  7055 | D:6      | Killed Pikel
  7055 | D:6      | Reached skill level 5 in Spellcasting
  7055 | D:6      | Reached XP level 9. HP: 57/67 MP: 5/16
  7129 | D:6      | Killed Blork the orc
  7148 | D:6      | Reached skill level 10 in Ice Magic
  7296 | D:6      | Found Edihepeifo's Gadget Boutique.
  7469 | D:7      | Noticed Dowan
  7537 | D:7      | Reached skill level 1 in Shields
  7759 | D:7      | Noticed Duvessa
  7767 | D:7      | Killed Duvessa
  7772 | D:7      | Killed Dowan
  7943 | D:7      | Found a staircase to the Ecumenical Temple.
  7948 | Temple   | Entered the Ecumenical Temple
  7987 | Temple   | Became a worshipper of Vehumet
  8557 | D:8      | Noticed a two-headed ogre
  8564 | D:8      | Killed a two-headed ogre
  8608 | D:8      | Found a staircase to the Lair.
  8830 | D:8      | Reached skill level 11 in Ice Magic
  9032 | D:8      | Reached XP level 10. HP: 70/73 MP: 12/18
  9160 | D:8      | Reached * piety under Vehumet
  9160 | D:8      | Offered knowledge of Shock by Vehumet.
  9572 | D:9      | Identified Ogieb's Handbook of Lightness (You found it on level 9 of the Dungeon)
  9601 | D:9      | Found an iron altar of Okawaru.
  9942 | D:9      | Got an ancient leather armour
  9953 | D:9      | Identified the +2 leather armour of Bal Xuil {rF++ rC- MR- Stlth+} (You found it on level 9 of the Dungeon)
 10214 | D:9      | Found a blossoming altar of Fedhas.
 10285 | D:9      | Offered knowledge of Sting by Vehumet.
 10407 | D:10     | Entered Level 10 of the Dungeon
 10419 | D:9      | Reached ** piety under Vehumet
 10475 | D:10     | Noticed a hill giant
 10479 | D:10     | Noticed a hill giant
 10501 | D:9      | Mangled by a hill giant

Vault maps used:
D:1:      moated_graveyard_arrival
D:4:      serial_shops, shop
D:5:      first_bread, abandoned_shop
D:6:      serial_shops, shop, uniq_pikel, uniq_blork_the_orc, uniq_edmund
D:7:      uniq_duvessa
D:8:      lair_0_dummy
D:9:      okawaru_trees_1, kennysheep_mini, st_stairs_3
D:10:     zombieorc1_lemuel, uniq_psyche
Temple:   regret_index_temple_chain_breaker

Skill      XL: |  1  2  3  4  5  6  7  8  9 10 |
---------------+-------------------------------+-----
Spellcasting   | 2 3 4 5 6 7 |  7.1
Ice Magic      | 4 5 6 8 9 11 | 11.6
Fighting       | 1 2 |  2.1
Unarmed Combat | 1 2 |  2.3
Dodging        | 3 |  3.0
Armour         | 2 |  2.8
Shields        | 3 |  3.0
Stealth        | |  2.1
Conjurations   | |  0.7

Action                   |  1- 3 |  4- 6 |  7- 9 | 10-12 || total
-------------------------+-------+-------+-------+-------++-------
Melee: Unarmed           |    34 |    72 |   135 |    64 ||   305
Throw: Tomahawk          |    40 |       |       |       ||    40
 Cast: Freeze            |    47 |   139 |   212 |    96 ||   494
       Throw Frost       |     3 |    18 |    15 |     5 ||    41
       Ozocubu's Armour  |       |       |     1 |     2 ||     3
Evoke: Wand              |       |       |     9 |     9 ||    18
  Use: Scroll            |     1 |     6 |     9 |     1 ||    17
       Potion            |       |     1 |     2 |     2 ||     5
 Stab: Sleeping          |     2 |     2 |       |       ||     4
       Confused          |       |       |     2 |       ||     2
  Eat: Chunk             |    26 |    59 |    57 |    37 ||   179
       Pizza             |       |       |     1 |       ||     1
Armor: Robe              |    15 |    27 |    21 |       ||    63
       Leather armour    |       |       |    67 |    46 ||   113
Dodge: Dodged            |    55 |   117 |   181 |    77 ||   430
Block: Buckler           |       |       |    19 |    28 ||    47
